 Dungeon Crawl Stone Soup version 0.31-a0-771-g505c3d19dc (webtiles) character file.

Game seed: 2597169582829249533

1769628 rjrrt the Conqueror (level 27, 273/273 HPs)
             Began as a Minotaur Berserker on Sept 16, 2023.
             Was a High Priest of Trog.
             Escaped with the Orb
             ... and 3 runes!
             The game lasted 03:23:33 (65002 turns).

rjrrt the Conqueror (Minotaur Berserker)           Turns: 65002, Time: 03:23:33

Health: 273/273    AC: 50    Str: 37    XL:     27
Magic:  22/22      EV: 22    Int:  4    God:    Trog [*****.]
Gold:   3667       SH: 36    Dex: 20    Spells: 26/26 levels left

rFire   + + .        a - +9 demon trident (vamp)
rCold   + . .        Y - +5 tower shield of Joih {Will+}
rNeg    . . .        g - +10 gold dragon scales of the Imp {rPois rF+ rC+ Str+2}
rPois   +            (helmet unavailable)
rElec   .            T - +2 cloak
rCorr   .            S - +2 pair of gloves {Dex+3}
SInv    +            d - +2 pair of boots
Will    +++..        e - amulet "Waculuiw" {Reflect Str+2 SH+5} Stlth
                     M - +4 ring of slaying
HPRegen 0.65/turn    J - ring of Fedhas's Pride {rPois Dex+4 SInv}
MPRegen 0.18/turn

%: reflection
@: hasted (expiring), very quick
A: horns 3, retaliatory headbutt, hooves 1, iridescent scales 1, fire resistance
1, subdued magic 1, MP-powered wands
0: Orb of Zot
}: 3/15 runes: decaying, serpentine, silver
a: Renounce Religion, Berserk, Trog's Hand, Brothers in Arms


You escaped.
You worshipped Trog.
Trog was extremely pleased with you.
You visited 10 branches of the dungeon, and saw 50 of its levels.
You visited 1 bazaar.
You also visited: Trove, Gauntlet, Volcano and Desolation.

You collected 7528 gold pieces.
You spent 3861 gold pieces at shops.

Inventory:

Hand Weapons
 a - a +9 vampiric demon trident (weapon)
 b - the +18 lance "Wyrmbane" {slay drac, rPois rF+ rC+ AC+3}
   (Trog gifted it to you on level 4 of the Depths)

   AC+3:      It affects your AC (+3).
   rF+:       It protects you from fire.
   rC+:       It protects you from cold.
   rPois:     It protects you from poison
 c - a +5 heavy broad axe
 k - a +6 broad axe of protection
 m - a +2 antimagic demon trident
 n - a +4 antimagic broad axe
Missiles
 i - 26 boomerangs (quivered)
 L - 8 javelins
Armour
 d - a +2 pair of boots (worn)
 g - the +10 gold dragon scales of the Imp (worn) {rPois rF+ rC+ Str+2}
   (You bought it in a shop on level 5 of the Dungeon)

   Str+2:     It affects your strength (+2).
   rF+:       It protects you from fire.
   rC+:       It protects you from cold.
   rPois:     It protects you from poison
 I - the +4 hat of the Other World {SInv}
   (You found it in a Gauntlet)

   SInv:      It lets you see invisible.
 S - a +2 pair of gloves of dexterity (worn)
 T - a +2 cloak (worn)
 Y - the +5 tower shield of Joih (worn) {Will+}
   (You acquired it on level 2 of the Depths)

   Will+:     It increases your willpower.
Jewellery
 e - the amulet "Waculuiw" (around neck) {Reflect Str+2 SH+5}
   (You found it in the Desolation of Salt)

   [amulet of reflection]

   Reflect:   It reflects blocked missile attacks.
   Str+2:     It affects your strength (+2).
   SH+5:      It affects your SH (+5).
 f - the ring "Kuma" {rF+ rC+}
   (You took it off a ragged hierophant in the Desolation of Salt)

   [ring of protection from cold]

   rF+:       It protects you from fire.
   rC+:       It protects you from cold.
 w - a ring of resist corrosion
 y - a +5 ring of evasion
 z - a ring of poison resistance
 J - the ring of Fedhas's Pride (right hand) {rPois Dex+4 SInv}
   (You took it off a deep elf death mage on level 3 of the Elven Halls)

   [ring of see invisible]

   Dex+4:     It affects your dexterity (+4).
   rPois:     It protects you from poison SInv: It lets you see invisible.
 M - a +4 ring of slaying (left hand)
 R - the ring "Seulit" {rN+ Will+ Dex+3}
   (You found it on level 3 of the Crypt)

   [ring of positive energy]

   Dex+3:     It affects your dexterity (+3).
   rN+:       It protects you from negative energy.
   Will+:     It increases your willpower.
Wands
 o - a wand of mindburst (33)
 x - a wand of roots (54)
 E - a wand of digging (27)
 N - a wand of quicksilver (32)
Scrolls
 l - a scroll of silence
 q - 4 scrolls of revelation
 r - 3 scrolls of butterflies
 A - 32 scrolls of identify
 B - 8 scrolls of fear
 D - 18 scrolls of fog
 K - 16 scrolls of teleportation
 O - 5 scrolls of blinking
Potions
 h - 6 potions of haste
 j - 22 potions of curing
 p - 7 potions of invisibility
 s - 12 potions of might
 t - 3 potions of berserk rage
 u - 10 potions of attraction
 v - 12 potions of heal wounds
 C - 7 potions of enlightenment
 F - a potion of resistance
 H - 2 potions of cancellation
 Q - 8 potions of mutation
 W - 10 potions of lignification
Miscellaneous
 G - a box of beasts
 P - a sack of spiders


   Skills:
 O Level 27 Fighting
 - Level 24.3(26.9) Axes
 - Level 20.4(25.0) Polearms
 - Level 8.0 Throwing
 + Level 26.3 Armour
 + Level 23.6 Dodging
 + Level 26.1 Shields
 - Level 4.0 Evocations


You had 26 spell levels left.
You didn't know any spells.
Your spell library was empty.

Dungeon Overview and Level Annotations

Branches:
Dungeon (15/15)            Temple (0/1) D:4            Lair (5/5) D:8
  Swamp (4/4) Lair:2        Snake (4/4) Lair:2        Slime (0/5) Lair:5
    Orc (2/2) D:9             Elf (3/3) Orc:2        Vaults (5/5) D:14
  Crypt (3/3) Vaults:2       Tomb (0/3) Crypt:3      Depths (4/4) D:15
    Zot (5/5) Depths:4    Volcano (visited)         Desolation (visited)
Gauntlet (visited)

Altars:
Ashenzari
Elyvilon
Fedhas
Hepliaklqana
Kikubaaqudgha
Makhleb
Trog
Uskayaw
Vehumet
Xom
Yredelemnul
Zin
The Shining One
Jiyva

Shops:
D:2 !   D:5 [   D:13 [   Orc:2 ([:*   Elf:1 =   Elf:2 [   Snake:2 :
Snake:3 *!   Snake:4 :   Vaults:3 [   Vaults:4 ?   Depths:2 ?*[[   Depths:4 :

Portals:
Hell: Depths:1 Depths:2 Depths:3 Depths:4
Abyss: Depths:1 Depths:3
Pandemonium: Depths:2 Depths:4
Ziggurat: Depths:4

Annotations:
Lair:5 exclusion: oklob plant
Swamp:4 exclusion: oklob plant
Elf:1 1 runed translucent door, Newt's ghost, adept DsGl
Elf:2 3 runed translucent doors
Depths:3 2 transporters, demibob's ghost, veteran MfCK


Innate Abilities, Weirdness & Mutations

You have a pair of large horns on your head.
You reflexively headbutt those who attack you in melee.
You have large cloven feet.
You are partially covered in iridescent scales. (AC +2)
Your flesh is heat resistant. (rF+)
Your spells are a little easier to cast, but a little less powerful.
You expend magic power (3 MP) to strengthen your wands.


Message History

There is a stone staircase leading up here.
You climb upwards.
There is a stone staircase leading down here.
There is a stone staircase leading up here.
You climb upwards.
There is a stone staircase leading down here.
There is an open door here.
There is a stone staircase leading up here.
You climb upwards.
There is a stone staircase leading down here.
There is a stone staircase leading up here.
You climb upwards.
There is a stone staircase leading down here.
Things that are here:
a +0 leather armour; a +0 trident
Things that are here:
a +0 halberd; a +2 robe of positive energy; a +0 dagger You see here a +0 spear.
You see here a +0 club.
You see here a +0 whip.
You see here a +0 club.
There is a stone staircase leading up here.
You climb upwards.
There is a stone staircase leading down, spattered with blood here.
An ice devil comes into view.
There is a stone staircase leading up here.
You climb upwards.
There is a stone staircase leading down here.
There is a stone staircase leading up here.
You feel yourself speed up.
You climb upwards.
There is a stone staircase leading down here.
You enter the shallow water.
Moving in this stuff is going to be slow.
As you open the door, it creaks loudly!
There is an open door here.
There is an open door here.
Your extra speed is starting to run out.
There is a staircase leading out of the dungeon here.
You have escaped!

............####''####..#.#....#.
........#...###....###..#.#.#..#.
............##......##..#.#.#..#.
.....####...##.[....##..#.#.#..#.
.......##...#........#..#.#.#..#.
######.##...#.[......#..#.#.(..#.
..####.##...#...##...#..#.###.##.
#.......#...#..####..#..#........
#.###..##...'..'@>+..'..#........
#...#..##...#..####..#..#...#.###
#.#.#..##...#...##...#..###.#.#
#..[#..##...#........#(.#.....#
#####..##...#........#..#.#.###
.......##...##....).##..#.#.#
####...##...##......##..#.#.#
#..#...##...###....###..#.#.#
#..#...##...####''####..#.#.#


There were no monsters in sight!

Vanquished Creatures
  4 dread liches
  3 orbs of fire
  An ancient lich (Zot:5)
  A royal mummy (Crypt:3)
  Josephina (Crypt:2)
  6 curse toes
  3 Killer Klowns
  Vashnia (Snake:4)
  Margery (Vaults:2)
  Saint Roka (Crypt:2)
  A caustic shrike (shapeshifter) (Zot:2)
  10 golden dragons
  The ghost of Savior361 the Slayer, an adept DrGl of Okawaru (Vaults:4)
  A bone dragon (Depths:4)
  Jorgrun (Swamp:1)
  A shard shrike skeleton (Crypt:1)
  11 tentacled monstrosities
  Asterion (Snake:4)
  Rupert (Lair:4)
  Zenata (Elf:2)
  24 Orb Guardians
  A walking crystal tome (Depths:2)
  An electric golem (Zot:5)
  4 titans
  4 deep elf blademasters (Elf:3)
  6 quicksilver dragons
  5 liches
  A walking divine tome (Depths:4)
  3 deep elf master archers (Elf:3)
  The ghost of Foashama the Severer, an adept DsWr of Gozag (Elf:2)
  7 sphinxes
  6 death cobs
  A sphinx (shapeshifter) (Zot:2)
  10 ancient champions
  A thorn hunter (Swamp:4)
  Frances (D:12)
  15 storm dragons
  An Executioner (Depths:1)
  12 shadow dragons
  Kirke (Swamp:2)
  A storm dragon (shapeshifter) (Zot:2)
  Aizul (Snake:4)
  A shadow dragon (shapeshifter) (Zot:2)
  Donald (Vaults:2)
  10 tengu reavers
  5 draconian monks
  6 fire giants
  A fenstrider witch (shapeshifter) (Zot:2)
  3 revenants
  7 deep elf sorcerers
  9 frost giants
  6 draconian knights
  2 iron dragons
  A frost giant (shapeshifter) (Zot:2)
  10 nagarajas (Snake:4)
  17 vault wardens
  5 draconian scorchers
  2 imperial myrmidons (Desolation)
  A balrug (Depths:4)
  3 ghost moths
  3 draconian stormcallers
  5 angels
  A caustic shrike zombie (Crypt:3)
  2 curse skulls
  4 draconian shifters
  4 deep elf elementalists (Elf:3)
  A reaper (Crypt:3)
  9 ghouls
  3 war gargoyles
  2 juggernaut skeletons
  4 draconian annihilators
  A stone giant (shapeshifter) (Zot:2)
  19 ironbound preservers
  8 ironbound thunderhulks
  A formless jellyfish (Vaults:4)
  2 orc warlords
  22 very ugly things
  Nessos (D:12)
  7 green draconians
  17 stone giants
  4 deep elf annihilators
  5 deep elf demonologists
  The ghost of Newt the Markskobold, a journeyman KoHu of Hepliaklqana (Lair:3)
  7 black draconians
  10 yellow draconians
  7 vampire knights
  A lorocyproca (Depths:2)
  A dire elephant (shapeshifter) (Zot:2)
  3 eleionomae
  9 white draconians
  4 purple draconians
  A minotaur (shapeshifter) (Vaults:5)
  7 red draconians
  2 halazid warlocks (Desolation)
  12 spark wasps
  8 deep elf death magi (Elf:3)
  A dire elephant (Vaults:1)
  4 bunyips
  3 eidola
  10 fire dragons
  Snorg (Lair:4)
  A quicksilver dragon zombie (Crypt:2)
  3 entropy weavers
  15 ettins
  4 shambling mangroves
  4 deep elf high priests
  4 great orbs of eyes
  3 mummy priests (Crypt:3)
  19 jiangshi
  6 crystal guardians
  4 spriggan zombies
  9 ragged hierophants (Desolation)
  2 fenstrider witch zombies (Crypt:1)
  14 yaktaur captains
  5 rakshasas
  7 servants of whispers (Desolation)
  15 hydras
  7 ironbound frosthearts
  6 ice dragons
  A hell beast (Depths:2)
  A quicksilver dragon skeleton (Crypt:2)
  2 ghost crabs
  11 peacekeepers
  An anaconda (shapeshifter) (Vaults:5)
  38 vault guards
  3 spriggan skeletons
  3 salamander tyrants
  7 alligators
  2 death knights
  5 boulder beetles
  2 spriggan air magi
  A catoblepas (shapeshifter) (Zot:2)
  A fenstrider witch skeleton (Crypt:2)
  Erolcha (Orc:2)
  11 centaur warriors
  20 dancing weapons
  An ogre mage (Vaults:5)
  11 anacondas
  10 death yaks
  2 deep troll shamans (Depths:4)
  A titan zombie (Crypt:1)
  A spriggan berserker (Depths:2)
  13 naga warriors
  4 tengu warriors
  8 vampire magi
  3 deep troll earth magi
  3 two-headed ogres (D:12)
  13 naga sharpshooters
  2 orc high priests (Orc:2)
  14 deep elf knights
  4 shock serpents
  Nergalle (D:10)
  15 hell knights
  A sun demon (Depths:4)
  An iron troll (shapeshifter) (Zot:2)
  2 soul eaters
  3 titan skeletons (Crypt:2)
  A fire crab (Gauntlet)
  2 sixfirhies (Depths:4)
  A spectral death yak (Lair:3)
  2 shadow wraiths (Crypt:3)
  Lodul (D:14)
  3 iron trolls (Depths:3)
  4 goliath frogs
  11 salamander mystics
  29 skeletal warriors
  42 deep trolls
  3 swamp dragons (Swamp:4)
  4 glowing orange brains
  An anaconda zombie (Crypt:3)
  An orange crystal statue (D:10)
  2 sea snakes (Snake:2)
  11 naga ritualists
  6 bog bodies
  16 ironbound convokers
  4 spriggan druids (Swamp:4)
  4 flayed ghosts
  19 deep elf archers
  9 wizards
  2 tengu zombies
  2 anaconda skeletons (Crypt:1)
  A bunyip zombie (Crypt:1)
  5 phantasmal warriors
  4 spectral hydras (Swamp:4)
  Pikel (D:5)
  10 harpies
  9 necromancers
  4 orc knights
  4 lindwurms
  12 mana vipers
  2 large abominations (Depths:1)
  A mana viper (shapeshifter) (Vaults:4)
  2 shadow dragon skeletons
  26 deep elf pyromancers
  22 deep elf zephyrmancers
  A tengu skeleton (Vaults:2)
  A frost giant zombie (D:15)
  A wolf spider (Lair:5)
  4 cyclopes
  75 ugly things
  4 orc sorcerers
  3 iron dragon zombies
  A manticore (D:15)
  6 will-o-the-wisps
  An iron dragon skeleton (Crypt:3)
  A dire elephant zombie (Crypt:1)
  15 moths of wrath
  2 centaur zombies (Crypt:1)
  24 salamanders
  44 black mambas
  18 vault sentinels
  A frost giant skeleton (Crypt:2)
  An alligator snapping turtle zombie (Crypt:1)
  10 guardian serpents
  15 naga magi
  A rust devil (Depths:4)
  Joseph (D:7)
  8 cane toads
  An orange demon (Depths:4)
  4 gargoyles
  5 torpor snails (Lair:5)
  3 molten gargoyles (Desolation)
  2 dire elephant skeletons (Crypt:2)
  2 centaur skeletons (Crypt:1)
  A naga skeleton (Crypt:1)
  Jeremiah (D:8)
  4 efreet
  An unseen horror (D:10)
  Psyche (D:10)
  4 freezing wraiths
  2 kobold demonologists
  A komodo dragon (shapeshifter) (D:13)
  A yaktaur (shapeshifter) (D:14)
  A grey draconian zombie (Crypt:2)
  2 rime drakes
  12 komodo dragons
  31 yaktaurs
  2 ice devils
  3 tengu conjurers
  A polar bear (Lair:3)
  8 trolls
  2 unseen horror skeletons
  A pale draconian skeleton (Crypt:2)
  10 guardian mummies (Crypt:3)
  2 red devils
  2 hellwings (Depths:4)
  3 meliai (D:15)
  14 hornets
  9 tyrant leeches
  A tarantella (shapeshifter) (Vaults:5)
  4 hydra zombies (Swamp:4)
  A mana viper skeleton (Crypt:3)
  2 trolls (shapeshifter)
  A harpy zombie (Crypt:1)
  A wolf spider simulacrum (D:15)
  A death drake zombie (Swamp:4)
  A raiju (shapeshifter) (D:13)
  Prince Ribbit (D:7)
  A jumping spider zombie (Crypt:3)
  5 dream sheep (Lair:5)
  A bloated husk (Swamp:4)
  6 hydra skeletons
  47 saltlings (Desolation)
  2 harpy skeletons
  14 blink frogs
  20 slime creatures
  A snapping turtle (shapeshifter) (Vaults:5)
  2 stone giant simulacra
  2 centaur simulacra
  4 flying skulls
  A dire elephant simulacrum (Crypt:2)
  3 ushabtiu (Crypt:3)
  Sigmund (D:5)
  A jumping spider (shapeshifter) (Elf:1)
  4 shadows
  3 ettin skeletons
  4 air elementals
  2 spectral black mambas (Lair:3)
  5 wraiths
  6 spriggans
  A fire dragon skeleton (Crypt:1)
  6 water elementals
  A fire bat (shapeshifter) (Vaults:5)
  3 fire elementals
  37 yaks
  12 wyverns
  A naga simulacrum (Crypt:3)
  6 fire bats (Gauntlet)
  13 vampire mosquitoes
  16 humans (D:14)
  Eustachio (D:5)
  4 basilisks
  6 hogs (Swamp:2)
  A human simulacrum (Vaults:1)
  A redback (shapeshifter) (D:15)
  2 chaos spawn
  A steam dragon (D:9)
  7 redbacks
  A swamp worm (shapeshifter) (Zot:2)
  2 wargs
  A death yak simulacrum (Lair:3)
  A harpy simulacrum (Crypt:2)
  51 nagas
  14 swamp worms
  3 hydra simulacra
  Duvessa (D:4)
  A naga zombie (Crypt:3)
  4 acid dragons
  32 water moccasins
  3 hell hounds (Gauntlet)
  An ogre skeleton (Vaults:2)
  3 floating eyes
  8 swamp drakes
  A swamp dragon zombie (Swamp:4)
  A fire dragon simulacrum (Crypt:1)
  37 orc warriors
  An ettin simulacrum (Vaults:1)
  A spectral torpor snail (Lair:3)
  An ice dragon simulacrum (Crypt:1)
  A black bear (Lair:1)
  2 ice beasts
  A sky beast (D:8)
  30 wolves
  An ogre (Crypt:2)
  A lindwurm skeleton (Crypt:3)
  A lemure (D:5)
  21 centaurs
  A torpor snail zombie (Crypt:2)
  3 phantoms
  A hog skeleton (Crypt:2)
  5 kobold brigands
  An elf zombie (Crypt:1)
  A glowing shapeshifter simulacrum (Vaults:4)
  3 earth elementals
  3 gnoll sergeants
  3 scorpions
  4 necrophages
  10 bullfrogs
  A cane toad simulacrum (Lair:3)
  Dowan (D:4)
  15 wights
  6 killer bees
  A troll skeleton (Crypt:3)
  5 howler monkeys
  3 electric eels
  4 jellies
  3 iron imps (D:4)
  13 orc priests
  5 hounds
  A gnoll bouda (D:8)
  2 sleepcaps
  An iguana (D:4)
  12 hell rats
  12 orc wizards
  A killer bee zombie (Crypt:3)
  15 adders
  37 gnolls
  3 shadow imps (Gauntlet)
  4 white imps (Gauntlet)
  3 ufetubi
  An adder skeleton (Crypt:3)
  3 worms
  5 dart slugs
  66 orcs
  2 ball pythons
  7 bats
  6 endoplasms
  A giant cockroach (D:2)
  7 goblins
  7 hobgoblins
  3 jackals (D:2)
  3 quokkas
  6 frilled lizards
  A frilled lizard skeleton (Crypt:2)
  A frilled lizard zombie (Crypt:1)
  A gnoll skeleton (Crypt:2)
  21 kobolds
  An orc skeleton (Crypt:1)
  3 rats
2294 creatures vanquished.

Vanquished Creatures (collateral kills)
  An orb of fire (Zot:5)
  2 Killer Klowns (Zot:5)
  A draconian monk (Zot:1)
  A frost giant (Depths:2)
  A draconian shifter (Zot:1)
  A draconian scorcher (Zot:3)
  A reaper (Crypt:2)
  An angel (Zot:2)
  A draconian annihilator (Zot:1)
  A white draconian (Zot:5)
  A purple draconian (Zot:5)
  A yellow draconian (Zot:5)
  A black draconian (Zot:1)
  A minotaur (Gauntlet)
  A red draconian (Zot:5)
  A naga sharpshooter (Snake:4)
  A deep troll (shapeshifter) (Zot:2)
  An orc knight (Orc:1)
  A moth of wrath (Zot:1)
20 creatures vanquished.

Vanquished Creatures (others)
  Bai Suzhen (Depths:2)
  A curse toe (Zot:5)
  A fire giant (Depths:3)
  A draconian knight (Zot:1)
  A draconian stormcaller (Zot:1)
  An eleionoma (Swamp:3)
  A purple draconian (Zot:1)
  A rakshasa (Depths:3)
  A boulder beetle (D:12)
  A spriggan simulacrum (Crypt:2)
  A bloated husk (Swamp:4)
  A hornet (Swamp:4)
  A tyrant leech (Swamp:4)
  A spriggan (Swamp:4)
  A spectral komodo dragon (Lair:3)
  A naga (Snake:1)
  An orc priest (Vaults:5)
  An orc wizard (Vaults:5)
  2 orcs (Crypt:2)
  35 foxfires
55 creatures vanquished.

Grand Total: 2369 creatures vanquished

Notes
Turn   | Place    | Note
-------+----------+-------------------------------------------
     0 | D:1      | rjrrt the Minotaur Berserker began the quest for the Orb.
     0 | D:1      | Reached XP level 1. HP: 19/19 MP: 0/0
   126 | D:1      | Reached XP level 2. HP: 26/26 MP: 1/1
   590 | D:1      | Found a faded altar of an unknown god.
   652 | D:1      | Reached skill level 5 in Axes
   733 | D:1      | Reached XP level 3. HP: 19/31 MP: 2/2
  1194 | D:2      | Reached ** piety under Trog
  1318 | D:2      | Found Ucwel's Distillery.
  1326 | D:2      | Bought a potion of curing for 36 gold pieces
  1326 | D:2      | Bought a potion of heal wounds for 60 gold pieces
  1348 | D:2      | Reached skill level 1 in Throwing
  1499 | D:2      | Reached XP level 4. HP: 38/39 MP: 3/3
  2216 | D:3      | Reached XP level 5. HP: 45/45 MP: 4/4
  2901 | D:4      | Noticed Duvessa
  2904 | D:4      | Reached XP level 6. HP: 51/51 MP: 5/5
  2911 | D:4      | Killed Duvessa
  2912 | D:4      | Noticed an ice beast
  2914 | D:4      | Noticed Dowan
  3066 | D:4      | Reached *** piety under Trog
  3078 | D:4      | Killed an ice beast
  3081 | D:4      | Reached XP level 7. HP: 42/57 MP: 6/6
  3128 | D:4      | Killed Dowan
  3276 | D:4      | Found a staircase to the Ecumenical Temple.
  3583 | D:4      | Found a burning altar of Makhleb.
  3597 | D:4      | Reached skill level 4 in Fighting
  3716 | D:4      | Found a hazy altar of Hepliaklqana.
  3782 | D:5      | Entered Level 5 of the Dungeon
  3850 | D:5      | Reached XP level 8. HP: 38/67 MP: 7/7
  3857 | D:5      | Identified the +7 long sword "Voajelo" {freeze, rCorr Str+3
                  | Stlth+}
  3984 | D:5      | Noticed Pikel
  4010 | D:5      | Killed Pikel
  4011 | D:5      | Reached skill level 5 in Fighting
  4011 | D:5      | Reached skill level 10 in Axes
  4011 | D:5      | Reached skill level 5 in Throwing
  4357 | D:5      | Found Krakus's Dragon-Slaying Spoils.
  4513 | D:5      | Noticed Eustachio
  4532 | D:5      | Killed Eustachio
  4532 | D:5      | Reached **** piety under Trog
  4533 | D:5      | Reached skill level 5 in Armour
  4533 | D:5      | Reached skill level 1 in Shields
  4544 | D:5      | Found a blossoming altar of Fedhas.
  4582 | D:5      | Reached XP level 9. HP: 58/75 MP: 8/8
  4591 | D:5      | Reached skill level 6 in Fighting
  4631 | D:5      | Noticed Sigmund
  4640 | D:5      | Killed Sigmund
  6245 | D:7      | Noticed Prince Ribbit
  6275 | D:7      | Killed Prince Ribbit
  6276 | D:7      | Reached skill level 7 in Fighting
  6450 | D:7      | Noticed Joseph
  6463 | D:7      | Killed Joseph
  6464 | D:7      | Reached XP level 10. HP: 86/86 MP: 9/9
  7015 | D:8      | Reached ***** piety under Trog
  7104 | D:8      | Found a staircase to the Lair.
  7142 | D:8      | Found a radiant altar of Vehumet.
  7173 | D:8      | Noticed Jeremiah
  7186 | D:8      | Killed Jeremiah
  7264 | D:8      | Reached skill level 5 in Shields
  7362 | D:8      | Found a bloodstained altar of Trog.
  7547 | Lair:1   | Entered Level 1 of the Lair of Beasts
  7606 | Lair:1   | Reached skill level 8 in Fighting
  7761 | Lair:1   | Noticed a cane toad
  7770 | Lair:1   | Killed a cane toad
  7771 | Lair:1   | Reached skill level 1 in Evocations
  8000 | Lair:1   | Reached skill level 9 in Fighting
  8006 | Lair:1   | Reached XP level 11. HP: 61/97 MP: 10/10
  8869 | Lair:2   | Noticed a six-headed hydra
  8879 | Lair:2   | Killed a six-headed hydra
  8880 | Lair:2   | Reached skill level 10 in Fighting
  9104 | Lair:2   | Reached skill level 11 in Fighting
  9237 | Lair:2   | Found a staircase to the Snake Pit.
  9366 | Lair:2   | Received a gift from Trog
  9484 | Lair:2   | Reached XP level 12. HP: 111/111 MP: 3/11
  9649 | Lair:2   | Found a staircase to the Swamp.
 10069 | Lair:3   | Reached skill level 12 in Fighting
 10663 | Lair:3   | Found a runed translucent gate.
 10663 | Lair:3   | Found a runed translucent gate.
 10663 | Lair:3   | Found a runed translucent gate.
 10664 | Lair:3   | Noticed Newt's ghost (journeyman KoHu)
 11140 | Lair:4   | Reached skill level 10 in Armour
 11162 | Lair:4   | Noticed a death yak
 11162 | Lair:4   | Noticed a death yak
 11176 | Lair:4   | Noticed a death yak
 11179 | Lair:4   | Noticed a death yak
 11180 | Lair:4   | Killed a death yak
 11180 | Lair:4   | Noticed a death yak
 11181 | Lair:4   | Reached skill level 15 in Axes
 11192 | Lair:4   | Killed a death yak
 11196 | Lair:4   | Killed a death yak
 11197 | Lair:4   | Reached skill level 13 in Fighting
 11211 | Lair:4   | Killed a death yak
 11218 | Lair:4   | Killed a death yak
 11226 | Lair:4   | Noticed Rupert
 11227 | Lair:4   | Paralysed by Rupert for 3 turns
 11240 | Lair:4   | Killed Rupert
 11671 | Lair:4   | Noticed Snorg
 11678 | Lair:4   | Killed Snorg
 11679 | Lair:4   | Reached skill level 14 in Fighting
 12038 | D:9      | You fall into a shaft and drop 3 floors!
 12325 | D:12     | Noticed Frances
 12381 | D:12     | Noticed a two-headed ogre
 12395 | D:12     | Killed a two-headed ogre
 12484 | D:12     | Reached skill level 10 in Shields
 12663 | D:11     | Reached XP level 13. HP: 125/125 MP: 12/12
 13080 | D:11     | Found a gate leading to a gauntlet.
 13084 | Gauntlet | Entered a Gauntlet
 13084 | Gauntlet | Found a transporter.
 13084 | Gauntlet | Found a transporter.
 13088 | Gauntlet | Found a transporter.
 13088 | Gauntlet | Found a transporter.
 13099 | Gauntlet | Found a transporter.
 13115 | Gauntlet | Found a transporter.
 13135 | Gauntlet | Found a transporter.
 13145 | Gauntlet | Found a transporter.
 13207 | Gauntlet | Found a transporter.
 13216 | Gauntlet | Found a transporter.
 13218 | Gauntlet | Found a large runed translucent door.
 13219 | Gauntlet | Found a large runed translucent door.
 13220 | Gauntlet | Found a large runed translucent door.
 13220 | Gauntlet | Found a large runed translucent door.
 13231 | Gauntlet | Found a transporter.
 13244 | Gauntlet | Found a transporter.
 13246 | Gauntlet | Found a large runed translucent door.
 13247 | Gauntlet | Found a large runed translucent door.
 13249 | Gauntlet | Found a runed translucent gate.
 13262 | Gauntlet | Found a transporter.
 13404 | Gauntlet | Reached skill level 15 in Fighting
 13447 | Gauntlet | Identified the ring "Cesa Isi" {EV+5 Str-5 Int+6 SInv}
 13509 | Gauntlet | Identified the +4 hat of the Other World {SInv}
 13533 | Gauntlet | Found a transporter.
 13557 | Gauntlet | Found a transporter.
 13583 | Gauntlet | Identified the ring "Nifufom" {rC+ Str+2 Int+4}
 13703 | Gauntlet | Identified the +5 orcbow of Red Wine {freeze, rN++ rCorr
                  | Str-4 Int+4}
 13703 | Gauntlet | Noticed a minotaur
 13716 | Gauntlet | Killed a minotaur
 13826 | D:10     | Entered Level 10 of the Dungeon
 13854 | D:10     | Found a transporter.
 13867 | D:10     | Noticed Psyche
 13885 | D:10     | Killed Psyche
 14126 | D:9      | Received a gift from Trog
 14312 | D:9      | Found a staircase to the Orcish Mines.
 14342 | Orc:1    | Entered Level 1 of the Orcish Mines
 14917 | Orc:2    | Entered Level 2 of the Orcish Mines
 14917 | Orc:2    | Found Hytwot's Book Shop.
 14942 | Orc:2    | Reached skill level 16 in Fighting
 14948 | Orc:2    | Noticed an orc warlord
 15113 | Orc:2    | Found Fuoweb's Antique Armour Shop.
 15113 | Orc:2    | Found a staircase to the Elven Halls.
 15233 | Orc:2    | Received a gift from Trog
 15271 | Orc:2    | Found Yloze's Antique Weapon Shoppe.
 15333 | Orc:2    | Killed an orc warlord
 15382 | Orc:2    | Gained mutation: Your magical capacity is low. (-10% MP) [a
                  | neqoxec]
 15493 | Orc:2    | Found Cuplib's General Store.
 15497 | Orc:2    | Noticed Erolcha
 15507 | Orc:2    | Killed Erolcha
 15594 | Orc:2    | Found a dark tunnel.
 15602 | Volcano  | Entered a volcano
 16179 | Elf:1    | Entered Level 1 of the Elven Halls
 17179 | D:5      | Bought the +10 gold dragon scales of the Imp {rPois rF+ rC+
                  | Str+2} for 1524 gold pieces
 17371 | Lair:3   | Reached skill level 5 in Dodging
 17379 | Lair:3   | Killed Newt's ghost
 17380 | Lair:3   | Reached XP level 14. HP: 130/138 MP: 3/11
 17463 | Lair:5   | Entered Level 5 of the Lair of Beasts
 17591 | Lair:5   | Reached skill level 17 in Fighting
 17789 | Lair:5   | Found a runed translucent door.
 17929 | Lair:5   | Received a gift from Trog
 18410 | Lair:5   | Found a staircase to the Slime Pits.
 18704 | Lair:5   | Found a viscous altar of Jiyva.
 19091 | D:10     | Found a transporter.
 19256 | D:10     | Found a portal to a secret trove of treasure.
 19377 | D:10     | Noticed Nergalle
 19383 | D:10     | Killed Nergalle
 20301 | D:12     | Noticed Nessos
 20307 | D:12     | Killed Frances
 20307 | D:12     | Killed Nessos
 20308 | D:12     | Reached XP level 15. HP: 143/149 MP: 12/12
 20543 | D:12     | Identified the +4 broad axe of Kunuados {flame, rC+} (Trog
                  | gifted it to you on level 12 of the Dungeon)
 20543 | D:12     | Received a gift from Trog
 20741 | D:12     | Identified the +8 hand axe "Kemeang" {flame, Will+ rCorr
                  | MP+9}
 20741 | D:12     | Identified the +5 shortbow "Razei" {heavy, Str+2}
 20748 | D:12     | Reached skill level 18 in Fighting
 20768 | D:12     | Identified the +2 chain mail "Mexel" {Fly rF+ Str+5 Stlth+}
 21444 | D:13     | Identified the +9 plate armour of the Other World {-Cast
                  | rF+++ rC+++ SInv}
 21668 | D:13     | Found the +3 salamander hide armour {Flames, rFlCloud rF++
                  | rC--}
 21836 | D:13     | Found Durhuy's Armour Shop.
 21844 | D:13     | Bought a +2 pair of gloves of dexterity for 344 gold pieces
 22044 | D:14     | Noticed Lodul
 22044 | D:14     | Found a gate to the Vaults.
 22155 | D:14     | Received a gift from Trog
 22250 | D:14     | Killed Lodul
 22419 | D:14     | Reached skill level 15 in Armour
 22855 | D:15     | Entered Level 15 of the Dungeon
 23166 | D:15     | Reached ****** piety under Trog
 23503 | D:15     | Received a gift from Trog
 23553 | D:15     | Reached XP level 16. HP: 147/159 MP: 13/13
 23746 | D:15     | Found a staircase to the Depths.
 23878 | Depths:1 | Entered Level 1 of the Depths
 23909 | Depths:1 | Found a gateway to Hell.
 23929 | Depths:1 | Noticed a tengu reaver
 23940 | Depths:1 | Killed a tengu reaver
 23989 | Depths:1 | Found a hide-covered altar of Uskayaw.
 24093 | Depths:1 | Reached skill level 10 in Dodging
 24611 | Depths:1 | Noticed a sphinx
 24617 | Depths:1 | Killed a sphinx
 24618 | Depths:1 | Reached skill level 19 in Fighting
 24791 | Depths:1 | Found a one-way gate to the infinite horrors of the Abyss.
 24978 | Depths:1 | Found a burning altar of Makhleb.
 24993 | Depths:1 | Received a gift from Trog
 25000 | Depths:1 | Reached skill level 15 in Shields
 25583 | Depths:2 | Found Viguimos's Antique Armour Emporium.
 25583 | Depths:2 | Found Piwotue's Assorted Antiques.
 25585 | Depths:2 | Found Sinyamy's Magic Scroll Shoppe.
 25587 | Depths:2 | Found Qoiqiten's Armour Emporium.
 25662 | Depths:2 | Found a one-way gate leading to the halls of Pandemonium.
 25742 | Depths:2 | Noticed a storm dragon
 25764 | Depths:2 | Noticed Bai Suzhen
 25782 | Depths:2 | Killed Bai Suzhen
 25788 | Depths:2 | Reached XP level 17. HP: 165/170 MP: 14/14
 25864 | Depths:2 | Noticed a walking crystal tome
 25875 | Depths:2 | Killed a walking crystal tome
 26082 | Depths:2 | Reached skill level 20 in Fighting
 26488 | Depths:2 | Found a broken altar of Ashenzari.
 26911 | Depths:2 | Found a glowing golden altar of the Shining One.
 26911 | Depths:2 | Found a white marble altar of Elyvilon.
 26911 | Depths:2 | Found a glowing silver altar of Zin.
 27068 | Depths:3 | Received a gift from Trog
 28082 | Depths:3 | Noticed a quicksilver dragon
 28230 | Depths:3 | Killed a quicksilver dragon
 28360 | Depths:3 | Found a transporter.
 28407 | Depths:3 | Reached XP level 18. HP: 180/180 MP: 15/15
 28596 | Depths:3 | Found a transporter.
 28600 | Depths:3 | Noticed a juggernaut
 28605 | Depths:3 | Found a bloodstained altar of Trog.
 28605 | Depths:3 | Noticed demibob's ghost (veteran MfCK)
 28607 | Depths:3 | Noticed a juggernaut
 29000 | Depths:4 | Entered Level 4 of the Depths
 29036 | Depths:4 | Reached skill level 21 in Fighting
 29202 | Depths:4 | Found a one-way gateway to a ziggurat.
 29699 | Snake:1  | Entered Level 1 of the Snake Pit
 29787 | Snake:1  | Received a gift from Trog
 31463 | Snake:2  | Received a gift from Trog
 31572 | Snake:2  | Found Satwog's Book Shoppe.
 32048 | Snake:3  | Found Ziqomuth's Assorted Antiques.
 32053 | Snake:3  | Found Baod's Distillery.
 32060 | Snake:3  | Bought a glowing cloak for 277 gold pieces
 32090 | Snake:3  | Bought a potion of heal wounds for 65 gold pieces
 32714 | Snake:4  | Entered Level 4 of the Snake Pit
 32752 | Snake:4  | Reached XP level 19. HP: 191/191 MP: 16/16
 32762 | Snake:4  | Found Atheemerr's Book Emporium.
 32861 | Snake:4  | Noticed Aizul
 32883 | Snake:4  | Killed Aizul
 32913 | Snake:4  | Noticed Vashnia
 32913 | Snake:4  | Noticed Asterion
 32932 | Snake:4  | Killed Asterion
 32967 | Snake:4  | Killed Vashnia
 32968 | Snake:4  | Reached skill level 22 in Fighting
 33268 | Snake:4  | Received a gift from Trog
 33955 | Snake:4  | Got a serpentine rune of Zot
 34154 | Swamp:1  | Entered Level 1 of the Swamp
 34348 | Swamp:1  | Noticed Jorgrun
 34362 | Swamp:1  | Killed Jorgrun
 34597 | Depths:2 | Bought a scroll of acquirement for 1040 gold pieces
 34598 | Depths:2 | Acquired the +5 tower shield of Joih {Will+}
 34958 | Swamp:2  | Received a gift from Trog
 34992 | Swamp:2  | Noticed Kirke
 35002 | Swamp:2  | Killed Kirke
 35015 | Swamp:2  | Reached skill level 23 in Fighting
 35231 | Swamp:4  | Entered Level 4 of the Swamp
 35506 | Swamp:4  | Received a gift from Trog
 35523 | Swamp:4  | Reached XP level 20. HP: 181/202 MP: 17/17
 35722 | Swamp:4  | Found a basalt altar of Yredelemnul.
 35801 | Swamp:4  | Found a blossoming altar of Fedhas.
 35890 | Swamp:4  | Got a decaying rune of Zot
 36111 | Vaults:1 | Entered Level 1 of the Vaults
 36346 | Vaults:1 | Reached skill level 24 in Fighting
 36364 | Vaults:1 | Received a gift from Trog
 36747 | Vaults:1 | Found a gateway to a bazaar.
 36757 | Bazaar   | Entered a bazaar
 36770 | Bazaar   | Found Qel Jeoc's Weapon Boutique.
 36770 | Bazaar   | Found Agah's Magic Scroll Shop.
 36788 | Bazaar   | Bought a scroll of enchant armour for 105 gold pieces
 36788 | Bazaar   | Bought a scroll of revelation for 105 gold pieces
 36829 | Bazaar   | Found Siozif's Antique Armour Boutique.
 36829 | Bazaar   | Found Akhlanon's Book Shop.
 37314 | Vaults:1 | You fall into a shaft and drop 1 floor!
 37446 | Vaults:2 | Noticed Donald
 37473 | Vaults:2 | Killed Donald
 37693 | Vaults:2 | Found a runed translucent door.
 38191 | Vaults:2 | Received a gift from Trog
 38343 | Vaults:2 | Noticed Margery
 38354 | Vaults:2 | Killed Margery
 38735 | Vaults:2 | Found a staircase to the Crypt.
 38735 | Vaults:2 | Found a basalt altar of Yredelemnul.
 38735 | Vaults:2 | Found an ancient bone altar of Kikubaaqudgha.
 38742 | Crypt:1  | Entered Level 1 of the Crypt
 39215 | Crypt:1  | Reached XP level 21. HP: 207/215 MP: 5/17
 39871 | Crypt:1  | You fall into a shaft and drop 1 floor!
 40083 | Crypt:2  | Identified the ring of Amelioration {Ice Str+4}
 40083 | Crypt:2  | Noticed Josephina
 40103 | Crypt:2  | Killed Josephina
 40301 | Crypt:2  | Received a gift from Trog
 40506 | Crypt:2  | Noticed Saint Roka
 40555 | Crypt:2  | Killed Saint Roka
 40556 | Crypt:2  | Reached skill level 25 in Fighting
 41186 | Crypt:3  | Entered Level 3 of the Crypt
 41242 | Crypt:3  | Identified the +5 hand axe "Usum" {flame, Fragile Fly rN++
                  | Str+4} (Trog gifted it to you on level 3 of the Crypt)
 41242 | Crypt:3  | Received a gift from Trog
 42438 | Crypt:3  | Identified the +1 leather armour "Biagits" {-Tele rPois
                  | Will+ rCorr}
 42968 | Crypt:3  | Identified the +0 great sword "Impbane" {flame, rF- rN+
                  | Int+2}
 42968 | Crypt:3  | Noticed a royal mummy
 43323 | Crypt:3  | Killed a royal mummy
 43445 | Crypt:3  | Noticed a curse toe
 43504 | Crypt:3  | Killed a curse toe
 43755 | Crypt:3  | Found a basalt altar of Yredelemnul.
 43758 | Crypt:3  | Found an ancient bone altar of Kikubaaqudgha.
 43768 | Crypt:3  | Found the +3 giant club "Skullcrusher" {speed, Str+7}
 43784 | Crypt:3  | Identified the +1 halberd of the Boiling Point {elec,
                  | Will+}
 43789 | Crypt:3  | Identified the ring "Taorrebe" {*Slow rN+ Will++ Str+3}
 43789 | Crypt:3  | Identified the ring "Seulit" {rN+ Will+ Dex+3}
 44076 | Crypt:3  | Reached XP level 22. HP: 127/228 MP: 6/18
 44265 | Crypt:3  | Found a staircase to the Tomb.
 44342 | Crypt:1  | Received a gift from Trog
 45102 | Vaults:2 | Identified the +4 falchion of the Inquisitive Deaths
                  | {protect, rElec Will+ Int-3 Dex+3}
 45614 | Vaults:3 | Found Qicinone's Antique Armour Shop.
 45743 | Vaults:3 | Found a white marble altar of Elyvilon.
 45743 | Vaults:3 | Found a crumbling gateway.
 45743 | Vaults:3 | Found a glowing silver altar of Zin.
 45787 | Vaults:3 | Reached skill level 15 in Dodging
 45790 | Vaults:3 | Found a glowing golden altar of the Shining One.
 45801 | Desolati | Entered the Desolation of Salt
 45831 | Desolati | Received a gift from Trog
 45832 | Desolati | Reached skill level 26 in Fighting
 46171 | Desolati | Identified the +6 long sword "Asazei Eter" {pain, rElec}
 46325 | Desolati | Identified the amulet "Waculuiw" {Reflect Str+2 SH+5}
 46341 | Desolati | Identified the ring "Ifoemac" {Wiz rPois Will+ Str-2
                  | Stlth+}
 46532 | Desolati | Identified the +0 chain mail "Gyluus" {Dex+2}
 46556 | Desolati | Identified the ring "Kuma" {rF+ rC+}
 46577 | Desolati | Received a gift from Trog
 47751 | Vaults:3 | Received a gift from Trog
 48174 | D:10     | You paid a toll of +3 ice dragon scales to enter a treasure
                  | trove
 48175 | Trove    | Entered a treasure trove
 48178 | Trove    | Found the +4 consecrated labrys {holy, Valiant Fragile Fly
                  | SInv}
 48230 | Trove    | Identified the +4 war axe "Xurotots" {protect, Drain Str+2
                  | Int+5 Dex-2}
 48887 | Vaults:4 | Found Kofael's Magic Scroll Boutique.
 48892 | Vaults:4 | Bought a scroll of blinking for 127 gold pieces
 48892 | Vaults:4 | Bought a scroll of teleportation for 51 gold pieces
 48892 | Vaults:4 | Bought a scroll of revelation for 127 gold pieces
 48932 | Vaults:4 | Reached XP level 23. HP: 230/238 MP: 19/19
 48984 | Vaults:4 | Identified the +5 halberd of Embarrassment {freeze, rElec
                  | Dex+3}
 49021 | Vaults:4 | Found a runed translucent door.
 49021 | Vaults:4 | Noticed Savior361's ghost (adept DrGl)
 49061 | Vaults:4 | Killed Savior361's ghost
 49064 | Vaults:4 | Received a gift from Trog
 49834 | Vaults:4 | Reached skill level 27 in Fighting
 49864 | Vaults:4 | Identified the +7 dagger of Fuqad {flame, rElec rPois
                  | Str+3}
 50200 | Elf:1    | Paralysed by an air elemental for 1 turns
 50210 | Elf:1    | Received a gift from Trog
 50322 | Elf:1    | Identified the +6 long sword "Wouga" {freeze, rElec rF+
                  | Dex-4 SInv}
 50481 | Elf:1    | Found Lizeluis's Jewellery Emporium.
 50643 | Elf:1    | Identified the +5 executioner's axe of Trog's Righteous
                  | Anger {antimagic, rF++ rCorr Str-5} (Trog gifted it to you
                  | on level 1 of the Elven Halls)
 50643 | Elf:1    | Received a gift from Trog
 50708 | Elf:1    | Found a runed translucent door.
 50708 | Elf:1    | Found a shimmering altar of Xom.
 50708 | Elf:1    | Noticed Newt's ghost (adept DsGl)
 50718 | Elf:1    | Identified the +2 plate armour of the Garden {Contam Regen+
                  | Int+4 SInv}
 50796 | Elf:1    | Paralysed by an air elemental for 1 turns
 50887 | Elf:1    | Paralysed by an air elemental for 1 turns
 51214 | Elf:2    | Found a large runed translucent door.
 51214 | Elf:2    | Found a large runed translucent door.
 51227 | Elf:2    | Noticed Foashama's ghost (adept DsWr)
 51249 | Elf:2    | Killed Foashama's ghost
 51341 | Elf:2    | Found Zeru's Antique Armour Shop.
 51356 | Elf:2    | Reached skill level 1 in Polearms
 51388 | Elf:2    | Found an ancient bone altar of Kikubaaqudgha.
 51448 | Elf:2    | Noticed Zenata
 51470 | Elf:2    | Killed Zenata
 51576 | Elf:2    | Received a gift from Trog
 51728 | Elf:2    | Found a runed translucent gate.
 51729 | Elf:2    | Found a runed translucent gate.
 51729 | Elf:2    | Found a runed translucent gate.
 51928 | Elf:3    | Entered Level 3 of the Elven Halls
 51959 | Elf:3    | Reached skill level 5 in Polearms
 53210 | Elf:3    | Received a gift from Trog
 53352 | Elf:3    | Identified the ring of Fedhas's Pride {rPois Dex+4 SInv}
 53409 | Elf:3    | Identified the +2 robe of Biotitey {Dex+2}
 53446 | Elf:3    | Identified the +6 quarterstaff of the Original Sin {freeze,
                  | rElec Dex+2}
 53601 | Elf:3    | Reached XP level 24. HP: 236/248 MP: 19/19
 53662 | Elf:3    | Identified the +1 morningstar "Neilul" {drain, Str+3}
 53687 | Elf:3    | Identified the +1 robe of the Lily {rC+}
 54096 | Vaults:5 | Entered Level 5 of the Vaults
 54102 | Vaults:5 | Reached skill level 10 in Polearms
 54128 | Vaults:5 | Noticed a dread lich
 54128 | Vaults:5 | Noticed a dread lich
 54133 | Vaults:5 | Noticed a dread lich
 54134 | Vaults:5 | Identified the +0 ring mail "Buonn" {Rampage rElec Will-}
 54139 | Vaults:5 | Received a gift from Trog
 54177 | Vaults:5 | Killed a dread lich
 54495 | Vaults:5 | Got a silver rune of Zot
 54800 | Vaults:5 | Killed a dread lich
 54856 | Vaults:5 | Killed a dread lich
 54881 | Vaults:5 | Reached skill level 15 in Polearms
 54910 | Vaults:5 | Identified the +0 chain mail of the Little Devil {rC+ Int-3
                  | Dex+2 Slay+5}
 55083 | Vaults:5 | Identified the +1 falchion "Hacen" {heavy, rPois Int+2}
 55095 | Vaults:5 | Identified the +0 flail of Articulation {spect, rElec rPois
                  | Str+2}
 55978 | Depths:4 | Received a gift from Trog
 55978 | Depths:4 | Found the +8 lance "Wyrmbane" {slay drac, rPois rF+ rC+
                  | AC+3}
 56427 | Depths:4 | Found a gate to the Realm of Zot.
 56683 | Depths:4 | Received a gift from Trog
 56684 | Depths:4 | Reached XP level 25. HP: 257/257 MP: 19/19
 56871 | Depths:4 | Found Goun's Book Shoppe.
 56981 | Zot:1    | Entered Level 1 of the Realm of Zot
 57144 | Zot:1    | Identified the +8 war axe of the Many Ziggurats {drain,
                  | rN+}
 58432 | Zot:2    | Noticed a shard shrike
 58434 | Zot:2    | a shard shrike changed into a caustic shrike
 58754 | Zot:2    | Found a shimmering altar of Xom.
 58754 | Zot:2    | Found a glowing silver altar of Zin.
 58754 | Zot:2    | Found a shimmering altar of Xom.
 58774 | Zot:2    | Noticed a Killer Klown
 58783 | Zot:2    | Noticed a Killer Klown
 58791 | Zot:2    | Killed a Killer Klown
 58802 | Zot:2    | Killed a Killer Klown
 58834 | Zot:2    | Identified the staff of Wonderful Purpose {rElec rPois rC+
                  | rCorr Ice}
 58854 | Zot:2    | Identified the +0 leather armour "Guegret" {rCorr Dex+3}
 59445 | Zot:3    | Received a gift from Trog
 60914 | Zot:4    | Paralysed by a floating eye for 4 turns
 61040 | Zot:4    | Paralysed by a floating eye for 4 turns
 61436 | Zot:4    | Noticed an orb of fire
 61442 | Zot:4    | Gained mutation: You are clumsy. (Dex -2) [an orb of fire]
 61443 | Zot:4    | Gained mutation: Your body sometimes deteriorates upon
                  | taking damage. [an orb of fire]
 61530 | Zot:4    | Gained mutation: Your magical capacity is very low. (-20%
                  | MP) [an orb of fire]
 61537 | Zot:4    | Gained mutation: You are frail. (-10% HP) [an orb of fire]
 61539 | Zot:4    | Killed an orb of fire
 61545 | Zot:4    | Received a gift from Trog
 61562 | Zot:4    | Identified the +6 shortbow "Plog" {heavy, rElec Int+4 Dex+3
                  | SInv}
 61919 | Zot:3    | Lost mutation: Your body sometimes deteriorates upon taking
                  | damage. [potion of mutation]
 61919 | Zot:3    | Lost mutation: You are clumsy. (Dex -2) [potion of
                  | mutation]
 61919 | Zot:3    | Lost mutation: Your magical capacity is very low. (-20% MP)
                  | [potion of mutation]
 61919 | Zot:3    | Lost mutation: You are frail. (-10% HP) [potion of
                  | mutation]
 61919 | Zot:3    | Gained mutation: You sometimes lose your temper in combat.
                  | [potion of mutation]
 61919 | Zot:3    | Gained mutation: You have large cloven feet. [potion of
                  | mutation]
 61920 | Zot:3    | Lost mutation: You sometimes lose your temper in combat.
                  | [potion of mutation]
 61920 | Zot:3    | Lost mutation: You have large cloven feet. [potion of
                  | mutation]
 61920 | Zot:3    | Gained mutation: Your body sometimes deteriorates upon
                  | taking damage. [potion of mutation]
 61920 | Zot:3    | Gained mutation: You have sharp toenails. [potion of
                  | mutation]
 61921 | Zot:3    | Lost mutation: You have sharp toenails. [potion of
                  | mutation]
 61921 | Zot:3    | Lost mutation: Your magical capacity is low. (-10% MP)
                  | [potion of mutation]
 61921 | Zot:3    | Gained mutation: You passively map a small area around you.
                  | [potion of mutation]
 61922 | Zot:3    | Lost mutation: Your body sometimes deteriorates upon taking
                  | damage. [potion of mutation]
 61922 | Zot:3    | Lost mutation: You passively map a small area around you.
                  | [potion of mutation]
 61922 | Zot:3    | Gained mutation: You have a pair of large horns on your
                  | head. [potion of mutation]
 61922 | Zot:3    | Gained mutation: You occasionally lose the ability to drink
                  | potions when taking damage. [potion of mutation]
 61923 | Zot:3    | Lost mutation: You occasionally lose the ability to drink
                  | potions when taking damage. [potion of mutation]
 61923 | Zot:3    | Lost mutation: You have a pair of large horns on your head.
                  | [potion of mutation]
 61923 | Zot:3    | Gained mutation: You have a pair of large horns on your
                  | head. [potion of mutation]
 61923 | Zot:3    | Gained mutation: You are agile. (Dex +4, Str/Int -1)
                  | [potion of mutation]
 61923 | Zot:3    | Gained mutation: You are partially covered in iridescent
                  | scales. (AC +2) [potion of mutation]
 61924 | Zot:3    | Lost mutation: You have a pair of large horns on your head.
                  | [potion of mutation]
 61924 | Zot:3    | Lost mutation: You are agile. (Dex +4, Str/Int -1) [potion
                  | of mutation]
 61924 | Zot:3    | Gained mutation: You have large cloven feet. [potion of
                  | mutation]
 61924 | Zot:3    | Gained mutation: You have a pair of large horns on your
                  | head. [potion of mutation]
 61924 | Zot:3    | Gained mutation: You expend magic power (3 MP) to
                  | strengthen your wands. [potion of mutation]
 61924 | Zot:3    | Gained mutation: Your flesh is heat resistant. (rF+)
                  | [potion of mutation]
 62122 | Zot:4    | Reached XP level 26. HP: 266/266 MP: 22/22
 62177 | Zot:4    | Reached XP level 27. HP: 273/273 MP: 22/22
 62365 | Zot:5    | Entered Level 5 of the Realm of Zot
 62832 | Zot:5    | Upgraded the game from 0.31-a0-765-g67fe2935dc to
                  | 0.31-a0-771-g505c3d19dc
 63209 | Zot:5    | Noticed an ancient lich
 63209 | Zot:5    | Noticed an orb of fire
 63223 | Zot:5    | Killed an orb of fire
 63232 | Zot:5    | Killed an ancient lich
 63437 | Zot:5    | Received a gift from Trog
 63520 | Zot:5    | Noticed an orb of fire
 63534 | Zot:5    | Killed an orb of fire
 63549 | Zot:5    | Noticed a dread lich
 63948 | Zot:5    | Killed a dread lich
 64082 | Zot:5    | Noticed an orb of fire
 64082 | Zot:5    | Gained mutation: Your spells are a little easier to cast,
                  | but a little less powerful. [an orb of fire]
 64099 | Zot:5    | Killed an orb of fire
 64407 | Zot:5    | Got the Orb of Zot
 64714 | D:14     | Noticed Buzef the pandemonium lord
 65002 | D:$      | Escaped with the Orb!

Illustrated notes

Levels and vault maps discovered:
D:1:      dpeg_arrival_refuge, layout_basic, serial_rivers,
          chequers_serial_rivers_small_a, chequers_serial_rivers_small_b,
          chequers_serial_rivers_large_a, chequers_serial_rivers_marsh,
          chequers_serial_rivers_micro_a, chequers_serial_rivers_micro_e,
          dreamdust_ecumenical_altar_statues, minmay_misc_feat_chi
D:2:      layout_basic, serial_shops, shop
D:3:      layout_basic, glass_columns_c
D:4:      layout_basic, demons_altar, kennysheep_mini_moat,
          minmay_temple_entry_offerings, uniq_duvessa
D:5:      layout_rooms, fedhas_bush_and_centaur_altar, dk_noncrumbling_4,
          minmay_door_square, st_stairs_13, nicolae_shop_dragon_depot,
          uniq_eustachio, uniq_pikel, uniq_sigmund
D:6:      layout_gridville, kennysheep_cluttered_room, nicolae_half_adder
D:7:      layout_layer_cave, grunt_ministairs_3, uniq_prince_ribbit1,
          uniq_joseph
D:8:      layout_basic, lightli_temple_of_fire, amcnicky_altar_gilded,
          lair_entry_dummy, uniq_jeremiah
D:9:      layout_basic, nicolae_overflow_hidden_temple, orc_0_dummy,
          special_room [special_room_orc]
D:10:     gammafunk_worm_tunnel, layout_stronghold, nicolae_trove_entry_crystal,
          chequers_serial_rivers_micro_c, minmay_protected_statue,
          uniq_nergalle, uniq_psyche
D:11:     layout_basic, gauntlet_entry_generic
D:12:     minmay_the_grid_triangle_9x9_line_8_mashed
          [minmay_the_grid_triangle_9x9_corruption,
          minmay_the_grid_triangle_9x9_thin_v,
          minmay_the_grid_triangle_9x9_stretched_checkered,
          minmay_the_grid_triangle_9x9_semitri,
          minmay_the_grid_triangle_9x9_longest,
          minmay_the_grid_triangle_9x9_corrupted_corridor,
          minmay_the_grid_triangle_9x9_descending_squares,
          minmay_the_grid_triangle_9x9_prize_insulated], layout_stronghold,
          serial_co_window_serial, co_window_paths_b,
          co_window_of_opportunity_a, co_window_paths_a, co_window_paths_b,
          co_window_paths_a, co_window_of_opportunity_b, co_window_cross_3,
          co_window_broadway_c, co_window_broadway_a, co_window_paths_e,
          glass_columns_c, glass_columns_b, glass_columns_c, uniq_nessos,
          uniq_frances
D:13:     layout_loops_ring, serial_shops, shop, serial_glass, glass_columns_a,
          glass_columns_a, glass_columns_c, glass_columns_b,
          hellmonk_guarded_unrand_salamander
D:14:     layout_basic, david_vaults_3, patterned_corridor
D:15:     gammafunk_depths_entry_grave, layout_rooms, serial_bayou_pond_d
Lair:1:   layout_cave_pods, serial_bayou_lake_a
Lair:2:   layout_long_grid, nicolae_swamp_entry_splash_gauntlet,
          minmay_snake_entry_six_corridors
Lair:3:   layout_cellular_growth, gammafunk_ghost_necromancy
Lair:4:   layout_regular_city, grunt_megastairs_2, uniq_snorg, uniq_rupert
Lair:5:   wormcave, layout_cave_pods, hangedman_lair_tendril_chambers,
          nicolae_slime_entry_field_trip, lemuel_fruit_fields
Swamp:1:  layout_falls_marsh, evilmike_swamp_ruin_house_3, uniq_jorgrun
Swamp:2:  layout_basic_swamp, hangedman_swamp_diagram,
          infiniplex_staircase_pool, uniq_kirke
Swamp:3:  layout_basic_swamp, hangedman_swamp_cone, swamp_pool4,
          nicolae_swamp_orc_logging_accident
Swamp:4:  byrel_swamp_growth_death_and_undeath, layout_basic_swamp, swamp_pool1
Snake:1:  layout_honeycomb, grunt_megastairs_3
Snake:2:  layout_layer_cave, serial_shops, nicolae_book_shop_shelving,
          serial_bayou_ford_a, drop_trap, grunt_ministairs_14
Snake:3:  layout_cave_shapes, serial_bayou_shore_b, minmay_shop_star
Snake:4:  johnstein_snake_rune_scales, layout_rooms, serial_shops, shop,
          grunt_ministairs_10, uniq_aizul, uniq_vashnia, uniq_asterion
Orc:1:    layout_caves, basic_altar, roderic_batcave, mines1_david
Orc:2:    grunt_orc_gardens, layout_caves, grunt_orc_garden, grunt_orc_garden,
          grunt_orc_garden, grunt_orc_garden, basic_altar,
          lightli_volcano_entry_magma_tube, uniq_erolcha
Elf:1:    eino_elf_arrival_sip, layout_loops_cross, ebering_ghost_xom,
          serial_shops, nicolae_shop_tiny_waterfront,
          kennysheep_underground_church, grunt_ministairs_12,
          nicolae_elf_vaults_five_recruitment_drive
Elf:2:    nicolae_elf_blades_crystal_corner, layout_onion_city, serial_shops,
          shop, basic_altar, ebering_ghost_disaster_area, uniq_zenata
Elf:3:    minmay_elf_hall_statues, layout_onion_city, lemuel_flamethrower_2
Vaults:1: hangedman_vaults_stretched_pinwheel, ontoclasm_vaults_decontamination,
          ontoclasm_vaults_fault, nicolae_vaults_crenellated_ambush,
          serial_ice_g, nicolae_vaults_turnstiles, ontoclasm_vaults_twist,
          nicolae_vaults_double_plus_1, nicolae_vaults_wine_cellar,
          v_alt_pattern_5, nicolae_vaults_border_crossing,
          vaults_room_semicircle, hangedman_vaults_cutoff,
          nicolae_vaults_diamond_2, vaults_standard_mumra_lines,
          layout_vaults_big_room, serial_shops, bzr_entry_customers
Vaults:2: ontoclasm_vaults_loading_screen, ontoclasm_vaults_hangar,
          vaults_dpeg_emergency_exit, ontoclasm_vaults_hangar,
          nicolae_vaults_diagonal_hallway_6, v_misc_13, nicolae_vaults_oozy_zoo,
          v_misc_8, vaults_room_pool, vaults_room_pool,
          nicolae_vaults_little_squares_3, layout_vaults_quadrants,
          minmay_crypt_entry_necro_gods, uniq_donald, uniq_margery
Vaults:3: portal_desolation_entry_holy_temple, vaults_room_stairs_pillars,
          v_misc_28, dpeg_vaults_hating_casters, hangedman_vaults_stitches,
          nicolae_vaults_shrinking_rooms_2, vaults_dpeg_cross,
          nicolae_vaults_alarming, nicolae_vaults_offset_grid_hallway_4,
          ontoclasm_vaults_chip, nicolae_vaults_tetromino_T_2,
          ontoclasm_vaults_gateway, layout_vaults_omnicross, serial_shops, shop
Vaults:4: ebering_ghost_inner_flame, dpeg_vaults_waves, v_rooms_6,
          vaults_room_hallway, nicolae_vaults_tangram_2,
          nicolae_vaults_storage_room_glass, nicolae_vaults_tetromino_L_1,
          nicolae_vaults_network_barrier, nicolae_vaults_diagonal_hallway_7,
          v_misc_30, nicolae_vaults_inception_corners,
          ontoclasm_vaults_ring_small, nicolae_vaults_more_shelving_1,
          nicolae_vaults_yaktaur_gun_rack, vaults_room_stairs_pillars,
          layout_vaults_maze_bifur, serial_shops,
          nicolae_shop_pleasant_corner_grove
Vaults:5: serial_shops
Crypt:1:  layout_catacombs, minicrypt_bobbens, grunt_crypt_arrival_webbed
Crypt:2:  layout_chaotic_city, minicrypt_bobbens, uniq_saint_roka,
          uniq_josephina
Crypt:3:  lightli_unholy_cathedral, layout_chaotic_city,
          tomb_entry_shell_bobbens
Depths:1: layout_basic, abyss_entry, hangedman_coc_ice_floe,
          nicolae_uskayaw_suspiria, hangedman_decor_slide_cut, hex_intersection,
          hex_large, kennysheep_path_1, nrook_mini_vaults,
          amcnicky_mini_corridor_feature, nicolae_danse_macabre
Depths:2: minmay_open_boxes_in_corner, layout_basic, rand_demon_pan_entry_3,
          hell_entry, good_gods_mini_temple, grunt_ministairs_9,
          nicolae_ashenzari_panopticon, infiniplex_staircase_zigzag_5,
          minmay_shoptagon, uniq_bai_suzhen
Depths:3: minmay_inside_and_out, layout_cave_pools, grunt_hell_entry_dis_old,
          kennysheep_doodads, abyss_entry, gammafunk_ghost_wrathful_warriors,
          grunt_ministairs_4
Depths:4: grunt_zot_entry_alcove, layout_gridlike, enter_ziggurat_f,
          grunt_pan_entry_spiral, minmay_misc_feat_square, serial_shops,
          nicolae_shop_stone, serial_curves, eino_curves_01, eino_curves_01,
          hell_entry
Zot:1:    layout_misc_corridors
Zot:2:    dreamdust_zin_vs_xom, layout_cathedral_of_symmetry,
          hellmonk_formless_pools
Zot:3:    layout_gridlike
Zot:4:    hellmonk_paralyzer, layout_misc_corridors, lemuel_elevator
Zot:5:    layout_twisted_circle

Skill      XL: |  1  2  3  4  5  6  7  8  9 10 11 12 13 14 15 16 17 18 19 20 21 22 23 24 25 26 27 |
---------------+----------------------------------------------------------------------------------+-----
Axes           | 4 5 6 7 8 9 10 12 13 14 15 16 17 18 19 20 21 22 23 24 | 24.3
Throwing       | 1 2 3 4 5 6 7 8 |  8.0
Fighting       | 4 5 7 9 11 14 16 17 18 19 20 21 23 24 25 26 27 | 27.0
Armour         | 3 5 6 7 9 11 12 14 15 16 18 19 20 21 22 23 24 25 26 | 26.3
Shields        | 1 4 6 7 10 11 12 14 15 17 18 20 21 22 23 25 26 | 26.1
Evocations     | 1 4 |  4.0
Dodging        | 5 7 9 10 12 14 16 19 21 22 23 | 23.6
Polearms       | 9 17 20 | 20.4

Action                     |  1- 3 |  4- 6 |  7- 9 | 10-12 | 13-15 | 16-18 | 19-21 | 22-24 | 25-27 || total
---------------------------+-------+-------+-------+-------+-------+-------+-------+-------+-------++-------
  Melee: Hand axe          |    83 |   134 |   307 |   113 |       |       |       |       |       ||   637
         Headbutt          |     9 |    19 |    60 |   136 |   246 |   399 |   649 |   551 |   310 ||  2379
         Punch             |     1 |       |     1 |       |       |       |       |       |       ||     2
         War axe           |       |       |       |   206 |       |       |       |       |       ||   206
         Trident           |       |       |       |   377 |   170 |       |       |       |       ||   547
         Broad axe         |       |       |       |     6 |   959 |   184 |   171 |   176 |    75 ||  1571
         Unarmed           |       |       |       |       |     6 |       |       |       |       ||     6
         Demon trident     |       |       |       |       |       |  1451 |  2337 |  1806 |   833 ||  6427
         Lance             |       |       |       |       |       |       |       |   105 |    89 ||   194
  Throw: Boomerang         |       |       |     4 |     3 |     1 |     1 |     9 |       |       ||    18
 Invoke: Berserk           |       |     2 |     3 |     2 |     4 |     2 |     6 |     1 |     4 ||    24
         Brothers in Arms  |       |       |       |     2 |     2 |     1 |     2 |       |     6 ||    13
         Trog's Hand       |       |       |       |       |     1 |       |     1 |     1 |       ||     3
  Evoke: Wand              |       |       |       |     4 |       |     2 |       |     1 |       ||     7
    Use: Scroll            |       |     5 |    10 |    12 |    10 |     2 |     7 |    14 |     7 ||    67
         Potion            |       |     1 |       |     3 |     3 |     1 |     1 |     4 |    13 ||    26
   Stab: Distracted        |       |       |       |       |     1 |     1 |       |     1 |     4 ||     7
         Confused          |       |       |       |       |       |       |     1 |       |     1 ||     2
         Invisible         |       |       |       |       |       |       |       |     4 |       ||     4
 Armour: Leather armour    |     5 |       |       |       |       |       |       |       |       ||     5
         Plate armour      |    36 |   109 |   230 |   538 |   275 |       |       |       |       ||  1188
         Scale mail        |     6 |       |       |       |       |       |       |       |       ||     6
         Chain mail        |       |       |       |       |    24 |       |       |       |       ||    24
         Gold dragon scale |       |       |       |       |   443 |   515 |   881 |   436 |   430 ||  2705
         Skin              |       |       |       |       |     7 |       |       |       |       ||     7
  Dodge: Dodged            |    32 |    43 |    95 |   200 |   417 |   328 |   426 |   406 |   311 ||  2258
  Block: Buckler           |       |       |    24 |   141 |    18 |       |       |       |       ||   183
         Kite shield       |       |       |       |       |   654 |   812 |   207 |       |       ||  1673
         Reflection        |       |       |       |       |    22 |    55 |    80 |   196 |    26 ||   379
         Tower shield      |       |       |       |       |       |       |  1788 |  1599 |   814 ||  4201

Table legend: (Time is in decaauts)
 A = Elapsed time spent in this place.
 B = Non-inter-level travel time spent in this place.
 C = Inter-level travel time spent in this place.
 D = Time resting spent in this place.
 E = Time spent auto-exploring this place.
 F = Levels seen in this place.
 G = Mean time per level.
                   A        B        C        D        E       F      G
               +--------+--------+--------+--------+--------+-----+--------+
         Total |  62792 |  58147 |   4645 |   8608 |  24756 |  55 | 1141.7 |
       Dungeon |  16651 |  14588 |   2063 |   1473 |   8322 |  15 | 1110.1 |
          Lair |   6299 |   5766 |    533 |    216 |   3621 |   5 | 1259.8 |
         Swamp |   1353 |   1237 |    116 |    274 |     40 |   4 |  338.2 |
     Snake Pit |   4131 |   3917 |    214 |    255 |   1717 |   4 | 1032.8 |
  Orcish Mines |   1711 |   1580 |    131 |    159 |    600 |   2 |  855.5 |
   Elven Halls |   3492 |   3402 |     90 |    183 |   1008 |   3 | 1164.0 |
        Vaults |   7502 |   6864 |    638 |    960 |   2675 |   5 | 1500.4 |
         Crypt |   5721 |   5560 |    161 |   1370 |   2082 |   3 | 1907.0 |
        Depths |   6789 |   6217 |    572 |   1017 |   2370 |   4 | 1697.2 |
           Zot |   7188 |   7064 |    124 |   2507 |   2148 |   5 | 1437.6 |
        Bazaar |    121 |    121 |      0 |      0 |     99 |   1 |  121.0 |
         Trove |     98 |     98 |      0 |      0 |      4 |   1 |   98.0 |
       Volcano |    202 |    202 |      0 |      0 |      0 |   1 |  202.0 |
    Desolation |    861 |    861 |      0 |    101 |     66 |   1 |  861.0 |
      Gauntlet |    666 |    666 |      0 |     88 |      0 |   1 |  666.0 |
               +--------+--------+--------+--------+--------+-----+--------+

Top non-repeatable levels by time:
 Crypt:3: 2944 daAuts
   Zot:3: 2483 daAuts
Depths:3: 2112 daAuts
Depths:1: 1879 daAuts
Vaults:2: 1840 daAuts
   Elf:3: 1820 daAuts
    D:12: 1704 daAuts
   Zot:5: 1637 daAuts
    D:10: 1626 daAuts
 Crypt:1: 1614 daAuts
Depths:2: 1581 daAuts
  Lair:5: 1556 daAuts
Vaults:3: 1514 daAuts
Vaults:5: 1505 daAuts
  Lair:2: 1485 daAuts
